Map: Terraform LE (Void)

Players

PickACard - Winner!

  • Race: Protoss Protoss
  • League: Bronze

SticklerMac

  • Race: Terran Terran
  • League: Bronze

VOD

Have the link to the VOD?

Description

Time

  • Played on: July 28, 2015, 9:01 a.m.
  • Length: 12:17
Show
View Real Time Build Order
Export as new Build Order

PickACard Protoss - Winner!

Build Orders:  

Get SALT Encoding   

  12  0:01  Probe  
  13  0:13  Probe  
  14  0:18  Pylon  
  14  0:36  Probe (Chrono Boost), Gateway  
  15  0:47  Probe (Chrono Boost)  
  16  0:54  Probe (Chrono Boost)  
  17  0:58  Assimilator  
  17  1:05  Probe  
  18  1:17  Probe  
  19  1:25  Cybernetics Core  
  19  1:29  Probe (Chrono Boost)  
  20  1:36  Pylon  
  21  1:40  Probe (Chrono Boost)  
  21  1:52  Probe, Pylon  
  24  1:56  Zealot (Chrono Boost)  
  24  2:02  Warp Gate (Chrono Boost)  
  24  2:04  Probe  
  24  2:08  Pylon  
  24  2:17  Forge  
  25  2:23  Mothership Core  
  26  2:40  Nexus  
  26  2:42  Stalker  
  28  2:55  Probe  
  29  3:02  Pylon  
  29  3:07  Probe  
  30  3:14  Assimilator  
  30  3:18  Stalker  
  32  3:22  Probe  
  32  3:24  Gateway  
  33  3:29  Photon Cannon  
  33  3:34  Probe  
  34  3:41  Photon Cannon  
  34  3:47  Probe (Chrono Boost)  
  35  3:55  Gateway  
  35  4:01  Probe (Chrono Boost)  
  37  4:04  Probe (Chrono Boost)  
  38  4:10  Probe (Chrono Boost)  
  38  4:11  Probe (Chrono Boost)  
  38  4:16  Stalker  
  41  4:20  Probe (Chrono Boost)  
  43  4:24  Stalker  
  43  4:28  Probe (Chrono Boost)  
  45  4:35  Probe (Chrono Boost), Stargate  
  47  4:40  Probe (Chrono Boost)  
  47  4:42  Zealot  
  50  4:46  Probe (Chrono Boost)  
  50  4:49  Probe (Chrono Boost)  
  50  4:50  Zealot  
  53  4:57  Probe (Chrono Boost)  
  54  5:04  Stalker  
  54  5:05  Probe (Chrono Boost)  
  57  5:09  Probe (Chrono Boost)  
  58  5:14  Pylon  
  58  5:20  Photon Cannon  
  58  5:21  Pylon  
  58  5:22  Pylon  
  58  5:25  Photon Cannon  
  58  5:26  Probe (Chrono Boost)  
  58  5:27  Stalker  
  61  5:29  Probe (Chrono Boost)  
  61  5:34  Assimilator  
  62  5:37  Assimilator  
  62  5:40  Probe (Chrono Boost)  
  63  5:44  Probe  
  63  5:49  Phoenix (Chrono Boost)  
  66  5:55  Stargate  
  66  5:58  Probe x2  
  66  5:59  Stargate  
  68  6:07  Stalker x2  
  73  6:13  Probe (Chrono Boost)  
  73  6:17  Probe (Chrono Boost)  
  74  6:19  Stalker  
  77  6:27  Probe x2 (Chrono Boost)  
  77  6:31  Phoenix (Chrono Boost)  
  80  6:39  Probe  
  81  6:46  Oracle (Chrono Boost)  
  68  7:09  Zealot x3  
  53  7:23  Oracle (Chrono Boost)  
  62  7:33  Stalker  
  62  7:34  Stalker x2  
  61  8:01  Oracle x2 (Chrono Boost)  
  61  8:10  Pylon  
  61  8:11  Probe (Chrono Boost)  
  61  8:12  Pylon  
  63  8:14  Pylon  
  63  8:15  Stalker x2, Pylon  
  63  8:16  Stalker, Probe (Chrono Boost)  
  70  8:21  Probe (Chrono Boost)  
  70  8:27  Gateway  
  67  8:29  Gateway  
  67  8:34  Gateway  
  63  8:59  Oracle (Chrono Boost)  
  66  9:06  Probe  
  66  9:07  Probe  
  68  9:21  Stalker  
  68  9:22  Stalker  
  72  9:33  Gateway  
  72  9:34  Probe  
  72  9:35  Pylon  
  72  9:37  Gateway  
  72  9:38  Pylon  
  73  9:43  Stalker  
  75  9:50  Nexus  
  75  10:06  Stalker  
  77  10:13  Assimilator  
  77  10:24  Pylon  
  77  10:26  Pylon  
  77  10:41  Probe  
  77  10:42  Probe  
  79  10:43  Stalker x4  
  79  10:44  Stalker  
  89  11:02  Stalker, Nexus  
  91  11:05  Phoenix  
  93  11:12  Probe x2  
  95  11:24  Probe x2  
  97  11:29  Stalker  
  97  11:30  Stalker x4  
  107  11:36  Probe x2  
  107  11:48  Probe x2  
  104  11:58  Stalker x4  
  104  11:59  Stalker x2  
Show
View Real Time Build Order
Export as new Build Order

SticklerMac Terran 

Build Orders:  

Get SALT Encoding   

  12  0:01  SCV  
  13  0:13  SCV  
  14  0:18  Supply Depot  
  14  0:25  SCV  
  15  0:40  SCV  
  15  0:41  Barracks  
  16  0:48  Refinery  
  16  0:52  SCV  
  17  1:03  Barracks  
  17  1:07  SCV  
  18  1:18  Supply Depot  
  18  1:19  SCV  
  19  1:28  Barracks Tech Lab  
  19  1:32  SCV  
  20  1:44  Barracks  
  20  1:45  SCV  
  21  1:49  Marine  
  21  1:53  Barracks Reactor  
  22  2:18  Marine  
  22  2:20  Barracks  
  23  2:25  Factory  
  23  2:28  SCV  
  24  2:34  Marine  
  24  2:36  Marine  
  26  2:37  Barracks Reactor  
  26  2:38  Marine  
  27  2:48  Supply Depot  
  27  2:54  Marine  
  28  3:08  Barracks Reactor, Marine x2  
  28  3:11  Marine  
  31  3:18  SCV  
  31  3:19  Refinery  
  32  3:25  Marine  
  32  3:26  Marine x2  
  35  3:27  Marine  
  35  3:29  Marine  
  35  3:30  SCV  
  38  3:40  Starport  
  38  3:42  Marine  
  39  3:58  Supply Depot  
  39  4:05  Supply Depot  
  39  4:20  Marauder, Marine  
  39  4:24  Supply Depot  
  42  4:26  Medivac x2  
  46  4:33  Supply Depot  
  46  4:35  Marine  
  47  4:39  Marine  
  47  4:42  Marine  
  49  4:50  Marauder  
  51  4:58  Stimpack  
  51  5:06  Marine x2  
  53  5:07  Marine  
  54  5:15  Medivac  
  54  5:18  Marine  
  57  5:27  Supply Depot  
  57  5:33  Medivac  
  59  5:39  Marauder  
  61  5:49  Marine x3  
  64  6:00  Marauder  
  66  6:04  Supply Depot  
  66  6:07  Supply Depot  
  66  6:17  Marine x2  
  66  6:18  Marine x2  
  70  6:25  Marauder  
  72  6:46  Marauder  
  73  7:07  Marauder  
  55  7:24  Marine x5  
  55  7:28  Marine  
  56  7:41  Marine  
  56  7:42  Marine x2  
  58  7:53  Marine x3  
  58  7:59  Marine x2  
  58  8:00  Marine  
  61  8:11  Marine x3  
  64  8:17  Marine x2  
  51  8:58  Marine x5  
  51  8:59  Marine  
  77  9:02  Medivac x2  
  61  9:16  Marine x6  
  59  9:33  Marine, Medivac x2  
  59  9:34  Marine x5  
  60  10:10  Marine x3  
  60  10:11  Marine x3  
  66  10:28  Marine x6  
  72  10:46  Marine x6  
  78  11:03  Marine  
  79  11:04  Marine x3  
  82  11:13  Marine x2  
  84  11:21  Marine  
  84  11:22  Marine x2  
Tags
 
Add a new tag
Caveats
  • Supply blocks, unpowered buildings, or Contaminate may cause inaccurate times.
  • Supply counts are checked every 10 seconds.